[Event "ICCopen2017"]
[Site "Internet Chess Club"]
[Date "2017.03.19"]
[Round "9"]
[White "juandeperea"]
[Black "Svinotigr"]
[Result "1-0"]
[ICCResult "Black resigns"]
[WhiteElo "1878"]
[BlackElo "1676"]
[Opening "King's pawn opening"]
[ECO "B07"]
[NIC "VO.17"]
[Time "20:48:30"]
[TimeControl "180+0"]

1. e4 d6 2. d4 Nd7 3. Nc3 e5 4. Nge2 g6 5. g3 Bg7 6. Bg2 Ngf6 7. h3 O-O 8.
Be3 c6 9. O-O Re8 10. Qd2 h5 11. Rfe1 Qe7 12. Rad1 Nf8 13. dxe5 dxe5 14. Qd6
Qxd6 15. Rxd6 Be6 16. Red1 N8h7 17. a3 Bf8 18. R6d2 Be7 19. f4 exf4 20. gxf4
h4 21. Kf2 Nh5 22. e5 Bc4 23. Ne4 Bxe2 24. Rxe2 Ng7 25. Red2 Nf5 26. Bc5 Kf8
27. c3 b6 28. Bxe7+ Rxe7 29. Nd6 Nxd6 30. exd6 Re6 31. Bxc6 Rd8 32. b4 Nf6
33. c4 Nh5 34. Kf3 Ng3 35. c5 bxc5 36. bxc5 Nf5 37. Rd3 {Black resigns} 1-0

[Event "ICCopen2017"]
[Site "Internet Chess Club"]
[Date "2017.03.19"]
[Round "9"]
[White "manitodeplomo"]
[Black "penguingm1"]
[Result "0-1"]
[ICCResult "White checkmated"]
[WhiteElo "2565"]
[BlackElo "2888"]
[Opening "QGD: classical variation (5.Bf4)"]
[ECO "D37"]
[NIC "QO.04"]
[Time "20:48:20"]
[TimeControl "180+0"]

1. Nf3 d5 2. c4 e6 3. d4 Nf6 4. Nc3 Be7 5. Bf4 O-O 6. e3 Nbd7 7. c5 Ne4 8.
Rc1 Nxc3 9. Rxc3 b6 10. c6 Nf6 11. Qa4 a5 12. Bb5 Bb4 13. O-O Bxc3 14. bxc3
Ne4 15. Rc1 Nd6 16. h3 Nxb5 17. Qxb5 Ba6 18. Qb1 f6 19. e4 Bc4 20. Nd2 Ba6
21. a4 Re8 22. e5 f5 23. Nf3 Rf8 24. Kh2 Qe8 25. Rg1 Be2 26. Nd2 Qxc6 27.
Qa2 Bh5 28. Rc1 Qd7 29. c4 c6 30. c5 Rfb8 31. cxb6 Rxb6 32. Nb3 Rb4 33. Nc5
Qe7 34. Bd2 Rxd4 35. Be3 Rb4 36. Nd3 Rc4 37. Rxc4 dxc4 38. Qxc4 Qd7 39. Nf4
Bf7 40. Bc5 g5 41. Nd3 Qd5 42. Qc3 h6 43. Bd6 Bg6 44. f4 g4 45. Nc5 Kh7 46.
Qg3 Rg8 47. Qh4 gxh3 48. Kxh3 Bh5 49. Nd7 Qxg2# {White checkmated} 0-1

[Event "ICCopen2017"]
[Site "Internet Chess Club"]
[Date "2017.03.19"]
[Round "9"]
[White "hecan58"]
[Black "dashingfox"]
[Result "1-0"]
[ICCResult "Black checkmated"]
[WhiteElo "1461"]
[BlackElo "1807"]
[Opening "Two knights defense"]
[ECO "C55"]
[NIC "KP.02"]
[Time "20:48:42"]
[TimeControl "180+0"]

1. e4 e5 2. d4 exd4 3. Nf3 Nc6 4. Bc4 Nf6 5. O-O d6 6. c3 dxc3 7. Qb3 Qd7 8.
Nxc3 Na5 9. Qb4 Nxc4 10. Qxc4 Be7 11. Bf4 O-O 12. Rad1 Qc6 13. Qd3 Bg4 14.
h3 Bh5 15. Nd4 Qd7 16. g4 Nxg4 17. hxg4 Bxg4 18. f3 Bh5 19. Nf5 Bf6 20. Nd5
Kh8 21. Nxf6 gxf6 22. Qd4 Rg8+ 23. Kh2 Rg6 24. Rg1 Rag8 25. Nh4 Rxg1 26.
Rxg1 Rxg1 27. Qxf6+ Rg7 28. Bh6 Qg4 29. fxg4 Bxg4 30. Qxg7# {Black
checkmated} 1-0

[Event "ICCopen2017"]
[Site "Internet Chess Club"]
[Date "2017.03.19"]
[Round "9"]
[White "atoz"]
[Black "bean5671"]
[Result "0-1"]
[ICCResult "White forfeits on time"]
[WhiteElo "1430"]
[BlackElo "1321"]
[Opening "English: Caro-Kann defensive system"]
[ECO "A12"]
[NIC "EO.64"]
[Time "20:48:53"]
[TimeControl "180+0"]

1. c4 c6 2. b3 d5 3. Nf3 Bf5 4. Bb2 e6 5. d3 Nf6 6. g3 Nbd7 7. Bg2 Bd6 8.
O-O O-O 9. Nc3 Re8 10. Qd2 e5 11. Rfe1 d4 12. Nd1 e4 13. dxe4 Nxe4 14. Qc1
Ndf6 15. Nxd4 Bg6 16. Nc3 c5 17. Nxe4 Bxe4 18. Nf3 Bxf3 19. Bxf3 Be5 20.
Bxe5 Rxe5 21. Qc3 Qd6 22. Rad1 Qc7 23. Bxb7 Rae8 24. Bf3 a5 25. e3 Ne4 26.
Bxe4 Rxe4 27. Rd5 Qc6 28. Red1 h6 29. Rd8 a4 30. Rxe8+ Rxe8 31. Qd3 axb3 32.
axb3 Qe6 33. Qd6 Qf5 34. Qd3 Qf3 35. Qd5 Qf6 36. Qxc5 g5 37. Rd6 Re6 38.
Rxe6 Qxe6 39. Qd5 Qe7 40. Qa8+ Kh7 41. Qd5 Kg6 42. c5 f5 43. Qd6+ Qxd6 44.
cxd6 Kf6 45. Kf1 Ke6 46. Ke2 Kxd6 47. Kd3 Kc5 48. f3 h5 49. h3 Kb5 50. Kd4
Kb4 51. Ke5 f4 52. Kf5 fxe3 53. Kxg5 e2 54. Kxh5 e1=Q {White forfeits on
time} 0-1

[Event "ICCopen2017"]
[Site "Internet Chess Club"]
[Date "2017.03.19"]
[Round "9"]
[White "METALCHESS"]
[Black "manneredmonkey"]
[Result "0-1"]
[ICCResult "White resigns"]
[WhiteElo "1961"]
[BlackElo "1792"]
[Opening "Pirc defense"]
[ECO "B07"]
[NIC "PU.07"]
[Time "20:49:35"]
[TimeControl "180+0"]

1. e4 d6 2. d4 Nf6 3. Nc3 g6 4. Nge2 Bg7 5. g3 O-O 6. Bg2 e5 7. O-O Nc6 8.
h3 exd4 9. Nxd4 Bd7 10. Be3 Qc8 11. Kh2 Re8 12. Nde2 Re5 13. f4 Rh5 14. Bf3
Rxh3+ 15. Kg2 Ng4 16. Bg1 Rh2+ 17. Bxh2 Ne3+ 18. Kf2 Nxd1+ 19. Raxd1 Bh3 20.
Rh1 Bg4 21. Bg2 Nd4 22. Rxd4 Bxd4+ 23. Nxd4 c5 24. Nd5 Qd8 25. Nf3 Be6 26.
Rd1 c4 27. Ng5 Bxd5 28. Rxd5 Qb6+ 29. Ke1 Qxb2 30. Rd2 Qc1+ 31. Ke2 c3 32.
Rxd6 Qxc2+ 33. Ke1 Qxg2 {White resigns} 0-1

[Event "ICCopen2017"]
[Site "Internet Chess Club"]
[Date "2017.03.19"]
[Round "9"]
[White "TheSid"]
[Black "ehkopean"]
[Result "1/2-1/2"]
[ICCResult "Game drawn by mutual agreement"]
[WhiteElo "1517"]
[BlackElo "1764"]
[Opening "Bogo-Indian defense, Grünfeld variation"]
[ECO "E11"]
[NIC "QI.01"]
[Time "20:48:51"]
[TimeControl "180+0"]

1. d4 e6 2. c4 Nf6 3. Nf3 Bb4+ 4. Nbd2 O-O 5. a3 Be7 6. e3 d5 7. cxd5 exd5
8. Bd3 c6 9. O-O Bg4 10. h3 Bh5 11. Qc2 Bg6 12. Bxg6 hxg6 13. e4 dxe4 14.
Nxe4 Nxe4 15. Qxe4 Nd7 16. Bf4 Nf6 17. Qe2 Bd6 18. Bg5 Re8 19. Qc2 Qb6 20.
b4 Nd5 21. Rfe1 Qc7 22. Rac1 a6 23. Ne5 Bxe5 24. dxe5 Rxe5 25. Bh4 Rxe1+ 26.
Rxe1 Qd7 27. Qc5 Re8 28. Rd1 Qf5 29. Bg3 Nf4 30. Qd6 Ne2+ 31. Kh2 Nxg3 32.
Qxg3 Qe5 33. Qxe5 Rxe5 34. Rd8+ Kh7 35. Rd7 Rf5 36. f3 a5 37. Rxb7 axb4 38.
axb4 Rb5 39. Rc7 Rxb4 40. Rxc6 g5 41. Kg3 f6 42. Rc5 Kg6 43. Rc6 Rb3 44. Ra6
Rb4 45. Rc6 Rb5 46. Ra6 Rb1 47. Rc6 Rb2 {Game drawn by mutual agreement}
1/2-1/2

[Event "ICCopen2017"]
[Site "Internet Chess Club"]
[Date "2017.03.19"]
[Round "9"]
[White "tirandopiezas"]
[Black "Ohanessian"]
[Result "0-1"]
[ICCResult "White resigns"]
[WhiteElo "1837"]
[BlackElo "2099"]
[Opening "Four knights: Italian variation"]
[ECO "C55"]
[NIC "IG.01"]
[Time "20:48:31"]
[TimeControl "180+0"]

1. e4 Nf6 2. Bc4 e5 3. Nf3 Nc6 4. Nc3 Nxe4 5. Nxe4 d5 6. Bxd5 Qxd5 7. Nc3
Qa5 8. Qe2 Bd6 9. d4 O-O 10. dxe5 Nxe5 11. Nxe5 Bxe5 12. O-O Bxc3 13. bxc3
Qxc3 14. Rb1 Bf5 15. Rxb7 Bxc2 16. Bb2 Qc6 17. Qe5 f6 18. Qxc7 Qxc7 19. Rxc7
Bd3 20. Rd1 Bf5 21. f3 Rf7 22. Rxf7 Kxf7 23. g4 Be6 24. a3 Rb8 25. Rd2 Rb3
26. Kf2 a5 27. h4 a4 28. g5 Kg6 29. gxf6 gxf6 30. Kg3 h5 31. Kf4 Kf7 32. Rc2
Bd5 33. Rc7+ Ke6 34. Bc3 Rxa3 35. Ke3 Rb3 36. f4 a3 37. Kd4 a2 38. Ra7 Rb6
39. Kc5 Rc6+ 40. Kb4 Rc4+ 41. Kb5 Rxc3 42. Ra6+ Kf5 43. Kb4 Rb3+ 44. Kc5 Rb1
45. Kxd5 a1=Q 46. Rc6 Rd1+ 47. Kc5 Qc3+ 48. Kb6 Rb1+ 49. Kc7 Qxc6+ 50. Kxc6
Rd1 {White resigns} 0-1

[Event "ICCopen2017"]
[Site "Internet Chess Club"]
[Date "2017.03.19"]
[Round "9"]
[White "YHWH"]
[Black "wmanthony"]
[Result "1-0"]
[ICCResult "Black resigns"]
[WhiteElo "1433"]
[BlackElo "1270"]
[Opening "Nimzo-Indian: Leningrad variation"]
[ECO "E30"]
[NIC "NI.25"]
[Time "20:49:54"]
[TimeControl "180+0"]

1. d4 Nf6 2. c4 e6 3. Nc3 Bb4 4. Bg5 O-O 5. Qc2 h6 6. Bh4 d6 7. e4 g5 8. Bg3
Nbd7 9. f4 gxf4 10. Bxf4 e5 11. dxe5 Nxe5 12. Bxh6 Re8 13. O-O-O Bg4 14. Be2
Kh8 15. Nf3 Bxf3 16. gxf3 Bxc3 17. Qxc3 Rg8 18. Bf4 Nfd7 19. Bg3 Qf6 20. f4
Ng4 21. e5 {Black resigns} 1-0

[Event "ICCopen2017"]
[Site "Internet Chess Club"]
[Date "2017.03.19"]
[Round "9"]
[White "dfvm"]
[Black "Fighterman"]
[Result "0-1"]
[ICCResult "White forfeits on time"]
[WhiteElo "2018"]
[BlackElo "2461"]
[Opening "Sicilian: Najdorf, Adams attack"]
[ECO "B90"]
[NIC "SI.14"]
[Time "20:48:54"]
[TimeControl "180+0"]

1. e4 c5 2. Nf3 d6 3. d4 cxd4 4. Nxd4 Nf6 5. Nc3 a6 6. h3 e5 7. Nde2 b5 8.
g4 Bb7 9. Bg2 b4 10. Nd5 Nxd5 11. exd5 Nd7 12. Ng3 g6 13. O-O Be7 14. a3
bxa3 15. Rxa3 O-O 16. Bh6 Re8 17. Qd2 Rc8 18. Rb3 Nc5 19. Ra3 Nd7 20. b4 Nb6
21. Rd3 Nc4 22. Qe2 Bg5 23. Bxg5 Qxg5 24. Ne4 Qe7 25. Rf3 Red8 26. Nf6+ Kg7
27. Re1 h6 28. Qe4 Nd2 29. Nh5+ gxh5 30. Qf5 Nxf3+ 31. Bxf3 Qf6 32. Qe4 Qf4
33. Qe2 Rxc2 34. Qxc2 Qxf3 35. gxh5 Bxd5 36. Kf1 Qxh3+ 37. Ke2 Qf3+ 38. Kf1
Kh8 39. Re3 Qh1+ 40. Ke2 Rg8 41. Qf5 Bc4+ 42. Kd2 Qd5+ 43. Ke1 Qe6 44. Qf3
Rg1+ 45. Kd2 Qd5+ {White forfeits on time} 0-1

[Event "ICCopen2017"]
[Site "Internet Chess Club"]
[Date "2017.03.19"]
[Round "9"]
[White "Activekids"]
[Black "GolfPro"]
[Result "1-0"]
[ICCResult "Black resigns"]
[WhiteElo "2001"]
[BlackElo "1813"]
[Opening "Four knights: Schultze-Müller gambit"]
[ECO "C47"]
[NIC "RG.01"]
[Time "20:49:28"]
[TimeControl "180+0"]

1. e4 e5 2. Nf3 Nf6 3. Nc3 Nc6 4. Nxe5 Nxe5 5. d4 Ng6 6. e5 Be7 7. exf6 Bxf6
8. Bc4 c6 9. d5 O-O 10. O-O b5 11. Bb3 a5 12. a4 b4 13. Ne2 Ba6 14. Re1 c5
15. c4 bxc3 16. Nxc3 Rb8 17. Be3 d6 18. Rb1 Re8 19. Bc2 Ne5 20. Qh5 g6 21.
Qh3 Nc4 22. Nb5 Bxb5 23. axb5 Nxe3 24. fxe3 Rxb5 25. Ba4 Qb8 26. Qd7 Rxe3
27. Bxb5 Bd4 28. Kh1 Rxe1+ 29. Rxe1 a4 30. Re8+ Kg7 31. Rxb8 a3 32. bxa3
{Black resigns}
1-0

[Event "ICCopen2017"]
[Site "Internet Chess Club"]
[Date "2017.03.19"]
[Round "9"]
[White "jajaba"]
[Black "justinchess"]
[Result "0-1"]
[ICCResult "White resigns"]
[WhiteElo "1859"]
[BlackElo "2221"]
[Opening "Réti opening"]
[ECO "A06"]
[NIC "QP.09"]
[Time "20:49:24"]
[TimeControl "180+0"]

1. Nf3 d5 2. Nc3 Nf6 3. d4 Bf5 4. Bg5 e6 5. e3 h6 6. Bh4 Nbd7 7. Bd3 Bxd3 8.
cxd3 c6 9. O-O Bd6 10. e4 Be7 11. e5 Nh7 12. Bxe7 Qxe7 13. Rb1 O-O 14. Ne2
Ng5 15. Ng3 Nxf3+ 16. Qxf3 Qb4 17. Qg4 Nxe5 18. Qh4 Ng6 19. Qg4 c5 20. Ne2
cxd4 21. h4 Ne5 22. Qg3 Nc6 23. a3 Qe7 24. Nf4 Rad8 25. Rbe1 e5 26. Nh5 f5
27. f4 Qf7 28. Qf3 e4 29. dxe4 dxe4 30. Qd1 d3 31. Ng3 Rfe8 32. Qa4 e3 33.
Qb5 e2 34. Rf2 d2 {White resigns} 0-1

[Event "ICCopen2017"]
[Site "Internet Chess Club"]
[Date "2017.03.19"]
[Round "9"]
[White "TaijiChess22"]
[Black "Ancient"]
[Result "0-1"]
[ICCResult "White resigns"]
[WhiteElo "1819"]
[BlackElo "2023"]
[Opening "French: MacCutcheon, advance variation"]
[ECO "C12"]
[NIC "FR.05"]
[Time "20:48:25"]
[TimeControl "180+0"]

1. e4 e6 2. d4 d5 3. Nc3 Nf6 4. Bg5 Bb4 5. e5 h6 6. Bxf6 gxf6 7. a3 Bxc3+ 8.
bxc3 fxe5 9. dxe5 c5 10. Nh3 Nc6 11. Qh5 Qa5 12. Rd1 Qxc3+ 13. Rd2 Qxe5+ 14.
Qxe5 Nxe5 15. Be2 Bd7 16. O-O O-O-O 17. f4 Nc6 18. f5 Nd4 19. fxe6 fxe6 20.
Bg4 h5 21. Bd1 Nf5 22. Ng5 Rdf8 23. Re1 Rh6 24. Rde2 Nd4 25. Re5 Nc6 26.
Rxe6 Bxe6 27. Rxe6 Rxe6 28. Nxe6 Re8 29. Bxh5 Rxe6 30. Bg4 Kd7 31. h4 Ke7
32. Bxe6 Kxe6 33. g4 Ne5 34. g5 Nf3+ {White resigns} 0-1

[Event "ICCopen2017"]
[Site "Internet Chess Club"]
[Date "2017.03.19"]
[Round "9"]
[White "ANGELLR"]
[Black "BoldPlan"]
[Result "0-1"]
[ICCResult "White resigns"]
[WhiteElo "1698"]
[BlackElo "1809"]
[Opening "QGD Slav: 4.Nc3"]
[ECO "D15"]
[NIC "SL.03"]
[Time "20:49:14"]
[TimeControl "180+0"]

1. d4 Nf6 2. c4 c6 3. Nc3 d5 4. Nf3 a6 5. a4 e6 6. Bg5 Nbd7 7. e3 h6 8. Bh4
Be7 9. Rc1 O-O 10. Bd3 Re8 11. O-O dxc4 12. Bxc4 b5 13. Bd3 Bb7 14. Ne4 Nxe4
15. Bxe7 Nxf2 16. Bh7+ Kh8 17. Qc2 Nh3+ 18. gxh3 Qxe7 19. Be4 Rac8 20. Kh1
Nf6 21. Bd3 Nd5 22. Qc5 Qxc5 23. Rxc5 Nxe3 24. Re1 Nd5 25. Ne5 Kg8 26. Rf1
Re7 27. Rf2 f6 28. Ng6 Rec7 29. axb5 cxb5 30. b4 Nxb4+ 31. Kg1 Nxd3 32. Ne7+
Rxe7 33. Rxc8+ Bxc8 34. Rd2 Nf4 35. Rc2 Bb7 {White resigns} 0-1

[Event "ICCopen2017"]
[Site "Internet Chess Club"]
[Date "2017.03.19"]
[Round "9"]
[White "blackending"]
[Black "thxgg"]
[Result "0-1"]
[ICCResult "White resigns"]
[WhiteElo "1606"]
[BlackElo "1885"]
[Opening "French: Tarrasch"]
[ECO "C03"]
[NIC "FR.07"]
[Time "20:48:21"]
[TimeControl "180+0"]

1. e4 e6 2. d4 d5 3. Nd2 dxe4 4. Nxe4 Be7 5. Nf3 Nf6 6. Bd3 Nbd7 7. O-O Nxe4
8. Bxe4 Nf6 9. Bd3 O-O 10. Re1 c5 11. c3 cxd4 12. Nxd4 a6 13. h3 b5 14. Nc6
Qc7 15. Nxe7+ Qxe7 16. Bg5 Bb7 17. Qe2 h6 18. Bxf6 Qxf6 19. Rad1 Rad8 20.
Be4 Bxe4 21. Qxe4 Rxd1 22. Rxd1 Rd8 23. Rxd8+ Qxd8 24. Qb7 Qd6 25. Qa8+ Kh7
26. Qe4+ g6 27. Qb7 Kg7 28. Qf3 Qd2 29. Qb7 Qe1+ 30. Kh2 Qxf2 31. Qxa6 Qxb2
32. c4 b4 33. c5 Qe5+ 34. Kh1 Qxc5 35. Qb7 h5 36. Qe4 g5 37. Qe2 Kg6 38.
Qe4+ Kh6 39. Qa8 g4 40. Qh8+ Kg5 41. Qg7+ Kh4 42. Qf6+ Kg3 43. Qf1 Qe3 44.
hxg4 hxg4 45. Qb1 Qh6+ 46. Kg1 Qh2+ 47. Kf1 Qh1+ {White resigns} 0-1

[Event "ICCopen2017"]
[Site "Internet Chess Club"]
[Date "2017.03.19"]
[Round "9"]
[White "BeerMeUpScotty"]
[Black "blunder23"]
[Result "1-0"]
[ICCResult "Black resigns"]
[WhiteElo "1677"]
[BlackElo "1436"]
[Opening "Scandinavian (center counter) defense"]
[ECO "B01"]
[NIC "VO.17"]
[Time "20:48:38"]
[TimeControl "180+0"]

1. e4 d5 2. exd5 c6 3. dxc6 Nxc6 4. Nf3 e5 5. Bb5 Qd5 6. Bxc6+ bxc6 7. O-O
Nf6 8. Nxe5 Bd6 9. Nf3 O-O 10. d4 Bg4 11. c3 Rfe8 12. Be3 Bxf3 13. Qxf3 Qxf3
14. gxf3 Nd5 15. Re1 Re6 16. Nd2 Rg6+ 17. Kh1 f5 18. c4 Nf6 19. Nf1 f4 20.
Bd2 Kf7 21. Bc3 Rh6 22. Nd2 Nh5 23. Kg2 Rg6+ 24. Kh1 Rh6 25. Ne4 Ng3+ 26.
fxg3 fxg3 27. Kg2 Rxh2+ 28. Kg1 Bf4 29. Rad1 Re8 30. Bd2 Bxd2 31. Nxd2 Rxe1+
32. Rxe1 Rxd2 33. Re4 Rxb2 34. a4 Rb4 35. d5 cxd5 36. cxd5 Rxe4 37. fxe4 Ke7
38. Kg2 Kd6 39. Kxg3 Ke5 40. Kf3 g5 41. a5 h5 42. a6 g4+ 43. Kg3 Kxe4 44. d6
h4+ 45. Kxh4 Kf3 46. d7 g3 47. d8=Q g2 48. Qf8+ Ke2 49. Qg7 Kf1 50. Qf6+ Ke2
51. Qg5 Kf1 52. Qf4+ Ke2 53. Qg3 Kf1 54. Qf3+ Kg1 55. Kh3 {Black resigns}
1-0

[Event "ICCopen2017"]
[Site "Internet Chess Club"]
[Date "2017.03.19"]
[Round "9"]
[White "DEHO"]
[Black "Westman"]
[Result "1-0"]
[ICCResult "Black forfeits on time"]
[WhiteElo "2113"]
[BlackElo "1354"]
[Opening "Benoni: pawn storm variation"]
[ECO "A66"]
[NIC "BI.38"]
[Time "20:48:44"]
[TimeControl "180+0"]

1. d4 Nf6 2. c4 c5 3. d5 e6 4. Nc3 exd5 5. cxd5 d6 6. e4 g6 7. f4 a6 8. e5
dxe5 9. fxe5 Ng4 10. Nf3 Bg7 11. Bf4 O-O 12. Be2 Bf5 13. O-O Nd7 14. h3
Ngxe5 15. g4 Nxf3+ 16. Bxf3 Bd4+ 17. Kg2 Bxg4 18. hxg4 Ne5 19. Qd2 Nxf3 20.
Rxf3 Re8 21. Raf1 b5 22. d6 b4 23. Nd5 Qh4 24. Ne7+ Rxe7 25. dxe7 Qxg4+ 26.
Bg3 f5 27. Re1 Re8 28. Rf4 Qg5 29. Rxd4 cxd4 30. Qxg5 {Black forfeits on
time} 1-0

[Event "ICCopen2017"]
[Site "Internet Chess Club"]
[Date "2017.03.19"]
[Round "9"]
[White "Theunrock"]
[Black "Ernie1"]
[Result "1/2-1/2"]
[ICCResult "Game drawn by repetition"]
[WhiteElo "1650"]
[BlackElo "1308"]
[Opening "Polish: Outflank variation"]
[ECO "A00"]
[NIC "VO.10"]
[Time "20:49:15"]
[TimeControl "180+0"]

1. b4 c6 2. Bb2 d5 3. a3 Nf6 4. Nf3 g6 5. e3 Bg7 6. c4 Nh5 7. Bxg7 Nxg7 8.
Nc3 e6 9. d4 O-O 10. cxd5 exd5 11. Bd3 Bg4 12. h3 Bxf3 13. Qxf3 Nd7 14. O-O
Qf6 15. b5 Qxf3 16. gxf3 f5 17. a4 Rfc8 18. Rfc1 Rc7 19. a5 Rac8 20. bxc6
Rxc6 21. Ne2 Rxc1+ 22. Rxc1 Rxc1+ 23. Nxc1 b6 24. Nb3 Nh5 25. Kf1 Nhf6 26.
Ke2 Kf7 27. Kd2 Ke6 28. Kc3 g5 29. Kb4 bxa5+ 30. Nxa5 h5 31. Be2 g4 32. fxg4
fxg4 33. hxg4 Nxg4 34. Nc6 Nxf2 35. Bxh5 Ne4 36. Nxa7 Ndf6 37. Be2 Ng3 38.
Bd3 Nf5 39. Bxf5+ Kxf5 40. Kc3 Ke4 41. Kd2 Ng4 42. Nc8 Nxe3 43. Nd6+ Kxd4
44. Nb5+ Ke4 45. Nd6+ Kd4 46. Nb5+ Ke4 47. Nd6+ Kd4 {Game drawn by
repetition} 1/2-1/2

[Event "ICCopen2017"]
[Site "Internet Chess Club"]
[Date "2017.03.19"]
[Round "9"]
[White "whiteshark"]
[Black "COMBINATOR35"]
[Result "0-1"]
[ICCResult "White resigns"]
[WhiteElo "2503"]
[BlackElo "2471"]
[Opening "Sicilian: Hungarian variation"]
[ECO "B27"]
[NIC "SI.43"]
[Time "20:49:14"]
[TimeControl "180+0"]

1. e4 c5 2. Nf3 g6 3. h4 Nc6 4. Bc4 Bg7 5. h5 gxh5 6. Rxh5 Nf6 7. Rh4 Nxe4
8. Bxf7+ Kxf7 9. Rxe4 d5 10. Rf4+ Ke8 11. Ng5 Qd6 12. d3 Bd7 13. c3 Qg6 14.
Qb3 Bh6 15. Nf7 Bxf4 16. Nxh8 Qe6+ 17. Kd1 Bxc1 18. Kxc1 Qf6 19. Qxd5 Qxh8
20. Nd2 Rd8 21. Kc2 Nb4+ 22. cxb4 Ba4+ 23. Qb3 Bxb3+ 24. Nxb3 cxb4 25. Re1
Qf6 26. Re2 Rc8+ 27. Kd1 Qg5 28. g3 a5 29. d4 a4 30. Nd2 Qd5 31. b3 a3 32.
Re4 Rc3 33. Ke2 Rc2 34. Rf4 Rxa2 35. Kd3 Rxd2+ 36. Kxd2 a2 {White resigns}
0-1

[Event "ICCopen2017"]
[Site "Internet Chess Club"]
[Date "2017.03.19"]
[Round "9"]
[White "sravanrenjith"]
[Black "Revolutions"]
[Result "1-0"]
[ICCResult "Black resigns"]
[WhiteElo "1559"]
[BlackElo "1793"]
[Opening "King's Indian: London system"]
[ECO "A48"]
[NIC "QP.03"]
[Time "20:49:26"]
[TimeControl "180+0"]

1. d4 Nf6 2. Nf3 g6 3. Bf4 Bg7 4. h3 O-O 5. e3 c6 6. c4 d6 7. Nc3 Nbd7 8.
Be2 b6 9. O-O Bb7 10. Rc1 Rc8 11. a3 a6 12. b4 Re8 13. Bh2 Nf8 14. c5 Ne6
15. cxd6 exd6 16. Nd2 d5 17. a4 c5 18. bxc5 bxc5 19. Nb3 c4 20. Nd2 Ng5 21.
Nf3 Nge4 22. Qe1 Nxc3 23. Qxc3 Ne4 24. Qb4 Bc6 25. Ne5 Bxe5 26. Bxe5 Rxe5
27. dxe5 Qg5 28. Bf3 Qxe5 29. Rfd1 Ng5 30. Be2 Rb8 31. Qa3 Rb3 32. Qa1 Qe7
33. Rb1 Rxe3 34. Rb8+ Be8 35. fxe3 Qxe3+ 36. Kh1 Qxe2 37. Re1 {Black
resigns} 1-0

[Event "ICCopen2017"]
[Site "Internet Chess Club"]
[Date "2017.03.19"]
[Round "9"]
[White "RnZ"]
[Black "dalaz"]
[Result "1-0"]
[ICCResult "Black resigns"]
[WhiteElo "1989"]
[BlackElo "1562"]
[Opening "Modern defense"]
[ECO "A40"]
[NIC "QO.17"]
[Time "20:48:56"]
[TimeControl "180+0"]

1. d4 g6 2. c4 c5 3. dxc5 Qa5+ 4. Nc3 Qxc5 5. e4 d6 6. Be3 Qc7 7. Nd5 Qd8 8.
Bd4 Nf6 9. Nxf6+ exf6 10. Nf3 Bg7 11. Be2 O-O 12. O-O Nc6 13. Bc3 Ne5 14.
Bb4 Nxf3+ 15. Bxf3 Be6 16. Bxd6 Re8 17. c5 f5 18. exf5 Bxf5 19. Qb3 Bf8 20.
Bxb7 Bxd6 21. Bxa8 Bxh2+ 22. Kxh2 Qxa8 23. Rfe1 Rb8 24. Qc3 Qc6 25. Re7 Rb5
26. Rd1 Rb8 27. Rxa7 Rc8 28. b4 Qe4 29. a4 Qh4+ 30. Kg1 Qh5 31. Re1 Qg4 32.
b5 Qe4 33. Rxe4 Bxe4 34. c6 {Black resigns} 1-0

[Event "ICCopen2017"]
[Site "Internet Chess Club"]
[Date "2017.03.19"]
[Round "9"]
[White "Wilsonpalencia"]
[Black "orac"]
[Result "1-0"]
[ICCResult "Black checkmated"]
[WhiteElo "2580"]
[BlackElo "1587"]
[Opening "Latvian counter-gambit"]
[ECO "C40"]
[NIC "KP.09"]
[Time "20:49:04"]
[TimeControl "180+0"]

1. e4 e5 2. Nf3 f5 3. Nxe5 Qf6 4. d4 fxe4 5. Nc3 d6 6. Nc4 Bf5 7. Ne3 Bg6 8.
Ncd5 Qd8 9. c4 Nf6 10. Nf4 Bf7 11. g4 g5 12. Nfg2 Bg7 13. h4 h6 14. Nf5 Rg8
15. hxg5 hxg5 16. Bxg5 Nbd7 17. Nge3 c6 18. Qb3 Qa5+ 19. Qc3 Qxc3+ 20. bxc3
O-O-O 21. Nxd6+ Kc7 22. Nxf7 Rdf8 23. Bf4+ Kb6 24. Ne5 Nxe5 25. c5+ Ka5 26.
Bxe5 Nd7 27. Nc4+ Ka4 28. Bd6 Rf3 29. Nb2+ Ka5 30. Nc4+ Ka4 31. Nb2+ Ka5 32.
Bc7+ b6 33. Nc4+ Ka4 34. cxb6 axb6 35. Bxb6 Rxc3 36. Kd2 Rf3 37. Be2 Rff8
38. Rhb1 Nxb6 39. Bd1# {Black checkmated} 1-0

[Event "ICCopen2017"]
[Site "Internet Chess Club"]
[Date "2017.03.19"]
[Round "9"]
[White "fletcherdavid"]
[Black "Mandragora"]
[Result "0-1"]
[ICCResult "White forfeits on time"]
[WhiteElo "1777"]
[BlackElo "1602"]
[Opening "Nimzovich-Larsen attack: English variation"]
[ECO "A01"]
[NIC "VO.08"]
[Time "20:48:32"]
[TimeControl "180+0"]

1. b3 c5 2. Bb2 d5 3. e3 Nc6 4. Bb5 Bd7 5. f4 e6 6. Nf3 a6 7. Bxc6 Bxc6 8.
O-O Nf6 9. d3 Be7 10. Nbd2 h6 11. Ne5 Bd7 12. Ndf3 O-O 13. Qe2 Bd6 14. Nxd7
Nxd7 15. Rae1 b5 16. c4 bxc4 17. dxc4 dxc4 18. Qxc4 Qa5 19. Rd1 Qc7 20. Qc3
f6 21. Rd3 Nb6 22. Rfd1 Nd5 23. Rxd5 exd5 24. Rxd5 Rae8 25. Nh4 Kh7 26. Nf5
Re6 27. Qc2 Kh8 28. Ba3 Qc6 29. Rxd6 Rxd6 30. Nxd6 Qxd6 31. Bxc5 Qc6 32. b4
Re8 33. Kf2 Re4 34. a3 h5 35. Qd3 f5 36. h4 Qe6 37. Kf3 Qc6 38. Kf2 Qe6 39.
g3 Qa2+ 40. Kf3 Qe6 41. Qd8+ Kh7 42. Bd4 Qc6 43. Ke2 Qc4+ 44. Kd2 Qa2+ 45.
Kd1 Qxa3 46. Qd7 Qb3+ 47. Kc1 Qa3+ 48. Kb1 Qd3+ 49. Ka2 Rxd4
{White forfeits on time}
0-1

[Event "ICCopen2017"]
[Site "Internet Chess Club"]
[Date "2017.03.19"]
[Round "9"]
[White "MasterMind"]
[Black "alan2015"]
[Result "1-0"]
[ICCResult "Black forfeits on time"]
[WhiteElo "1797"]
[BlackElo "1477"]
[Opening "Queen's gambit declined"]
[ECO "D30"]
[NIC "QP.08"]
[Time "20:48:47"]
[TimeControl "180+0"]

1. d4 d5 2. c4 e6 3. Nf3 Nf6 4. g3 dxc4 5. Qa4+ c6 6. Qxc4 b5 7. Qb3 Bd6 8.
Bg2 Qc7 9. O-O O-O 10. Bg5 Nbd7 11. Nbd2 h6 12. Bxf6 Nxf6 13. e4 e5 14. Rac1
Bb7 15. Rfd1 exd4 16. Nxd4 Qb6 17. Nf5 Bc5 18. Rf1 a5 19. Qc2 Bb4 20. Nb3 a4
21. Nc5 Bxc5 22. Qxc5 Qxc5 23. Rxc5 Nd7 24. Rc2 c5 25. Rd1 Rfd8 26. f4 c4
27. Rcd2 Bc8 28. Ne7+ Kf8 29. Nxc8 Raxc8 30. Rxd7 Rxd7 31. Rxd7 a3 32. bxa3
c3 33. Rd1 Ra8 34. e5 Rxa3 35. Bd5 Ke7 36. Rc1 b4 37. Bb3 f6 38. exf6+ Kxf6
39. Kf2 Kf5 40. Kf3 h5 41. h3 Ra8 42. g4+ hxg4+ 43. hxg4+ Kf6 44. Re1 Rd8
45. Re6+ Kf7 46. Re4+ Kf8 47. Rxb4 Rd3+ 48. Ke2 Rd2+ 49. Ke3 c2 50. Kxd2
c1=Q+ 51. Kxc1 g5 52. fxg5 Kg7 53. Rb6 Kh7 54. Re6 Kg7 55. a4 Kh7 56. a5 Kg7
57. a6 Kh7 58. a7 {Black forfeits on time} 1-0

[Event "ICCopen2017"]
[Site "Internet Chess Club"]
[Date "2017.03.19"]
[Round "9"]
[White "shirovinster"]
[Black "king-lear"]
[Result "0-1"]
[ICCResult "White forfeits on time"]
[WhiteElo "1705"]
[BlackElo "1939"]
[Opening "Sicilian"]
[ECO "B50"]
[NIC "SI.01"]
[Time "20:48:23"]
[TimeControl "180+0"]

1. e4 c5 2. Nf3 d6 3. Nc3 Nf6 4. Bc4 Nc6 5. d3 Bg4 6. h3 Bh5 7. g4 Bg6 8.
Bg5 e6 9. Bb5 Qc7 10. Qd2 Be7 11. O-O-O O-O-O 12. Nh2 h6 13. Bxf6 Bxf6 14.
Kb1 Nd4 15. Bc4 a6 16. f4 b5 17. Bb3 Kb8 18. f5 Bh7 19. fxe6 fxe6 20. Ne2
Nxe2 21. Qxe2 Rhe8 22. c3 d5 23. Rhe1 c4 24. Bc2 cxd3 25. Bxd3 dxe4 26. Bc2
Rxd1+ 27. Rxd1 Rd8 28. Nf1 Rxd1+ 29. Qxd1 Qd8 30. Qe2 Qd6 31. Nd2 e3 32. Ne4
Bxe4 33. Bxe4 Qf4 34. Bg2 Qf2 35. Qf3 Qxf3 36. Bxf3 Kc7 37. Kc2 Kd6 38. Kd3
Bg5 39. Ke4 e5 40. h4 Bf4 41. h5 a5 42. Be2 Kc5 43. b3 a4 44. bxa4 bxa4 45.
Kd3 Kd5 46. Bf3+ Kc5 47. c4 Kb4 48. Bd5 Bg5 49. Ke2 Be7 50. Be6 Bc5 51. Bd5
Ka3 52. Be6 Kxa2 53. Kd3 Kb2 54. Bd7 a3 55. Be6 a2 {White forfeits on time}
0-1